 Dungeon Crawl Stone Soup version 0.18.1-5-g4a78601 (webtiles) character file.

1590 TheHangedMan the Destroyer (level 8, -11/46 HPs)
             Began as a High Elf Wizard on May 11, 2016.
             Mangled by a wyvern (14 damage)
             ... on level 8 of the Dungeon.
             The game lasted 00:35:59 (7378 turns).

TheHangedMan the Destroyer (High Elf Wizard)        Turns: 7378, Time: 00:36:00

Health: -11/46     AC:  5    Str:  6      XL:     8   Next: 61%
Magic:  0/20       EV: 12    Int: 23      God:
Gold:   84         SH:  0    Dex: 14 (15) Spells: 5 memorised, 10 levels left

rFire  . . .     SeeInvis .     F - +4 quarterstaff (chaos)
rCold  + . .     Gourm    .     a - +1 robe
rNeg   . . .     Faith    .     (shield currently unavailable)
rPois  .         Spirit   .     b - +0 hat
rElec  .         Dismiss  .     G - +0 cloak
rCorr  .         Reflect  .     (no gloves)
SustAt .         Harm     .     C - +0 pair of boots
MR     .....                    p - amulet of regeneration
Stlth  ++........               y - ring of flight
                                k - ring of protection from cold

@: very slightly contaminated, repel missiles, not resistant to hostile
enchantments, unstealthy
A: no striking features
a: Evoke Flight


You were on level 8 of the Dungeon.
You were not hungry.

You visited 1 branch of the dungeon, and saw 6 of its levels.
You also visited: Ossuary.

You collected 474 gold pieces.
You spent 390 gold pieces at shops.

Inventory:

Hand Weapons
 F - a +4 quarterstaff of chaos (weapon)
Armour
 a - a +1 robe (worn)
 b - a +0 hat (worn)
 g - a +2 troll leather armour
 C - a +0 pair of boots (worn)
 G - a +0 cloak (worn)
Jewellery
 k - a ring of protection from cold (left hand)
 p - an amulet of regeneration (around neck)
 y - a ring of flight (right hand)
Wands
 c - a wand of disintegration (13/24)
Scrolls
 e - 6 scrolls of remove curse
 f - a scroll of identify
 h - 3 scrolls of immolation
 i - a scroll of fog {unknown}
 n - 3 scrolls of teleportation {unknown}
 q - 3 scrolls of noise {unknown}
 A - a scroll of enchant weapon {unknown}
Potions
 j - a potion of curing
 m - 3 potions of flight
 o - 2 potions of agility {unknown}
 r - a potion of heal wounds {unknown}
 u - 2 potions of brilliance {unknown}
 v - a potion of beneficial mutation {unknown}
 w - 3 potions of berserk rage
 x - a potion of might {unknown}
 z - a potion of cure mutation {unknown}
 B - a potion of cancellation {unknown}
 D - a potion of haste {unknown}
 E - a potion of magic {unknown}
Books
 t - a book of Necromancy

   Spells                             Type                      Level
   a - Pain                           Necromancy                   1
   b - Animate Skeleton               Necromancy                   1
   c - Vampiric Draining              Necromancy                   3
   d - Regeneration                   Charms/Necromancy            3
   e - Animate Dead                   Necromancy                   4
   f - Control Undead                 Necromancy                   4
Comestibles
 d - 4 bread rations
 l - 2 royal jellies
 s - 6 meat rations


   Skills:
 - Level 2.1 Dodging
 - Level 2.1 Stealth
 + Level 7.4 Spellcasting
 - Level 10.0 Conjurations
   Level 0.8 Summonings
 - Level 1.1 Translocations


You had 10 spell levels left.
You knew the following spells:

 Your Spells              Type           Power        Failure   Level  Hunger
a - Magic Dart            Conj           ####         1%          1    None
b - Blink                 Tloc           N/A          10%         2    None
c - Conjure Flame         Conj/Fire      ####....     3%          3    None
d - Mephitic Cloud        Conj/Pois/Air  ###.....     8%          3    None
e - Repel Missiles        Chrm/Air       #.....       14%         2    None


Dungeon Overview and Level Annotations

Branches:
Dungeon (8/15)
 Temple: D:4-7         Lair: D:8-11

Altars:
Cheibriados
Elyvilon
Makhleb
Okawaru
Pakellas
Qazlal
Ru
Vehumet
Zin
The Shining One

Shops:
D:5 [


Message History

The necrophage hits you but does no damage.
You closely miss the wyvern.
The wyvern is almost dead.
The wyvern closely misses you. The necrophage hits you.
* * * LOW HITPOINT WARNING * * *
The wyvern barely misses you.
Drink which item? (? for menu, Esc to quit)
You feel better.
The wyvern bites you but does no damage.
The necrophage hits you.
* * * LOW HITPOINT WARNING * * *
Casting: Magic Dart
Confirm with . or Enter, or press ? or * to list all spells.
You miscast Blink.
You are very lightly contaminated with residual magic.
You feel uncomfortable. The wyvern bites you.
* * * LOW HITPOINT WARNING * * *
The necrophage hits you but does no damage.
The wyvern bites you!
You die...

#..§§§.#####..#
...........§.........#
..........§.§........#
.............§'####..######
.........###...............
.....<...# #......#..######
.........# #.....(#..#
.........###.#'##.#..#
........†l@n†....>#..#
P........###.#........
P........# #.#....#.###
.........# #.#.##.#.#######
.P.......# #+#+##..........
.....(.... .....#.#######
..P....... ... #........
.P......... . #########


You could see a wyvern and a necrophage.

Vanquished Creatures
  Sigmund (D:2)
  2 ogres
  A phantom (D:5)
  2 centaurs (D:5)
  Blork the orc (D:4)
  A howler monkey (D:5)
  2 crimson imps
  A quasit (D:8)
  A hound (D:4)
  4 orc priests
  Crazy Yiuf (D:5)
  2 centaur skeletons
  4 orc wizards
  An iguana (D:5)
  2 big kobold zombies (Ossuary)
  A hound zombie (D:3)
  3 hound skeletons
  8 mummies (Ossuary)
  6 gnolls
  6 adders
  2 river rats (D:8)
  An ooze (D:1)
  An adder zombie (D:3)
  An adder skeleton (D:3)
  2 worms
  3 dart slugs
  2 giant geckos
  23 orcs
  4 ball pythons
  5 giant cockroaches
  2 gnoll zombies (Ossuary)
  5 goblins
  8 hobgoblins
  5 jackals
  A quokka (D:4)
  A ball python zombie (D:3)
  14 bats
  A giant cockroach zombie (D:5)
  2 giant gecko skeletons (D:3)
  11 giant newts
  2 hobgoblin zombies (Ossuary)
  A jackal zombie (D:3)
  5 kobolds
  2 orc zombies (Ossuary)
  A quokka skeleton (D:5)
  6 rats
161 creatures vanquished.

Vanquished Creatures (others)
  An adder skeleton (D:4)
  A quokka (D:4)
2 creatures vanquished.

Grand Total: 163 creatures vanquished

Notes
Turn   | Place    | Note
--------------------------------------------------------------
     0 | D:1      | TheHangedMan the High Elf Wizard began the quest for the Orb.
     0 | D:1      | Reached XP level 1. HP: 11/11 MP: 6/6
    91 | D:1      | Reached skill level 2 in Conjurations
   159 | D:1      | Reached XP level 2. HP: 15/17 MP: 3/7
   775 | D:2      | Reached skill level 3 in Conjurations
   988 | D:2      | Reached XP level 3. HP: 21/21 MP: 5/9
   992 | D:2      | Learned a level 2 spell: Blink
   996 | D:2      | Learned a level 3 spell: Conjure Flame
  1000 | D:2      | Learned a level 3 spell: Mephitic Cloud
  1063 | D:2      | Noticed Sigmund
  1205 | D:2      | Found a snail-covered altar of Cheibriados.
  1525 | D:2      | Killed Sigmund
  1525 | D:2      | Reached skill level 6 in Conjurations
  1525 | D:2      | Reached XP level 4. HP: 27/27 MP: 2/10
  1525 | D:2      | Reached XP level 5. HP: 31/31 MP: 2/11
  1605 | D:2      | Learned a level 2 spell: Repel Missiles
  1835 | D:3      | Found a glowing golden altar of the Shining One.
  2389 | D:3      | Reached XP level 6. HP: 29/36 MP: 6/12
  2426 | D:3      | Found a faded altar to an unknown god.
  2770 | D:3      | Reached skill level 7 in Conjurations
  3017 | D:3      | Found a sacrificial altar of Ru.
  3021 | D:3      | Found a glowing silver altar of Zin.
  3021 | D:3      | Found a burning altar of Makhleb.
  3363 | D:4      | Found a white marble altar of Elyvilon.
  3520 | D:4      | Found an oddly glowing altar of Pakellas.
  3577 | D:4      | Reached skill level 8 in Conjurations
  3647 | D:4      | Reached XP level 7. HP: 16/41 MP: 0/13
  4115 | D:4      | Found a sacrificial altar of Ru.
  4388 | D:4      | Noticed Blork the orc
  4399 | D:4      | Killed Blork the orc
  4399 | D:4      | Reached skill level 9 in Conjurations
  4698 | D:4      | Found an iron altar of Okawaru.
  4914 | D:5      | Entered Level 5 of the Dungeon
  5204 | D:5      | Reached skill level 10 in Conjurations
  5291 | D:5      | Found a sand-covered staircase.
  5296 | Ossuary  | Entered an ossuary
  5413 | Ossuary  | Reached XP level 8. HP: 38/46 MP: 0/14
  6287 | D:5      | Reached skill level 5 in Spellcasting
  6591 | D:5      | Found a stormy altar of Qazlal.
  6773 | D:5      | Noticed Crazy Yiuf
  6780 | D:5      | Killed Crazy Yiuf
  7002 | D:5      | Found Nastutoc's Antique Armour Emporium.
  7007 | D:5      | Bought a runed troll leather armour for 390 gold pieces
  7044 | D:5      | You fall through a shaft for 3 floors!
  7044 | D:8      | Found a radiant altar of Vehumet.
  7376 | D:8      | HP: 1/46 [necrophage (5)]
  7378 | D:8      | Mangled by a wyvern

Skill      XL: |  1  2  3  4  5  6  7  8 |
---------------+-------------------------+-----
Conjurations   | 2 3 6 8 10 | 10.0
Spellcasting   | 7 |  7.4
Dodging        | |  2.1
Stealth        | |  2.1
Summonings     | |  0.8
Translocations | |  1.1

Action                   |  1- 3 |  4- 6 |  7- 9 || total
-------------------------+-------+-------+-------++-------
Melee: Unarmed           |     8 |       |       ||     8
       Dagger            |    52 |    87 |    89 ||   228
       Quarterstaff      |       |       |    24 ||    24
 Cast: Magic Dart        |    82 |   143 |   297 ||   522
       Mephitic Cloud    |     3 |     4 |     5 ||    12
       Conjure Flame     |       |     9 |    15 ||    24
       Repel Missiles    |       |     1 |     2 ||     3
       Blink             |       |       |     5 ||     5
  Use: Scroll            |       |       |     9 ||     9
       Potion            |       |       |     3 ||     3
 Stab: Confused          |     2 |     1 |     3 ||     6
       Sleeping          |       |     1 |     1 ||     2
  Eat: Chunk             |     2 |     7 |     7 ||    16
       Bread ration      |       |       |     1 ||     1
       Pizza             |       |       |     1 ||     1
Armor: Robe              |     9 |    23 |    34 ||    66
Dodge: Dodged            |    61 |    92 |   151 ||   304
       Deflected         |       |       |     3 ||     3
